 Dungeon Crawl Stone Soup version 0.25-a0-448-g1f46b9f714 (webtiles) character file.

Game seed: 8780532251566669345, levelgen mode: deterministic

9191 funkygono the Geomancer (level 11, -2/64 HPs)
             Began as a Gargoyle Earth Elementalist on Jan 31, 2020.
             Was a Follower of Vehumet.
             Slain by Gastronok (26 damage)
             ... on level 9 of the Dungeon.
             The game lasted 00:39:35 (11220 turns).

funkygono the Geomancer (GrEE)                     Turns: 11220, Time: 00:39:36

Health: -2/64      AC: 17    Str: 14    XL:     11   Next: 42%
Magic:  0/21       EV: 12    Int: 20    God:    Vehumet [*.....]
Gold:   313        SH:  0    Dex: 10    Spells: 10/24 levels left

rFire    + . .     SeeInvis .   D - staff of fire (curse)
rCold    . . .     Gourm    .   (no shield)
rNeg     + . .     Faith    .   f - +0 leather armour
rPois    ∞         Spirit   .   r - +2 helmet
rElec    +         Reflect  .   (no cloak)
rCorr    .         Harm     .   o - +1 pair of gloves
MR       .....                  (no boots)
Stlth    ++........             (no amulet)
HPRegen  0.20/turn              x - +3 ring of intelligence
MPRegen  0.17/turn              (no ring)

@: slowed, very slow
A: negative energy resistance 1, electricity resistance, unbreathing,
petrification resistance, rot immunity, AC +8
a: Renounce Religion


You were on level 9 of the Dungeon.
You worshipped Vehumet.
Vehumet was aware of your devotion.
You were not hungry.

You visited 2 branches of the dungeon, and saw 10 of its levels.

You collected 313 gold pieces.

Inventory:

Hand Weapons
 t - a +5 flail of holy wrath
 B - a +2 flail of protection
Missiles
 b - 27 stones (quivered)
Armour
 e - the +0 shield of the Harp {+Blink rF+}
   (You found it on level 9 of the Dungeon)

   It protects you from fire.
   It lets you blink.
   If you switch to wearing this armour, your AC will rise 0 points (17 -> 17)
 f - a +0 leather armour (worn)
 l - a +0 buckler
 o - a +1 pair of gloves (worn)
 q - a +1 ring mail of magic resistance
 r - a +2 helmet (worn)
 y - a +2 scale mail of fire resistance
 C - a cursed +0 large shield
Magical Staves
 D - a cursed staff of fire (weapon)
Jewellery
 x - a +3 ring of intelligence (left hand)
Wands
 c - a wand of acid (6)
 g - a wand of random effects (30)
Scrolls
 h - a scroll of teleportation
 k - 3 scrolls of remove curse
 w - 4 scrolls of fog
 z - a scroll of acquirement {unknown}
 A - a scroll of random uselessness {unknown}
 E - a scroll of summoning {unknown}
 G - a scroll of noise {unknown}
Potions
 a - a potion of flight
 i - 2 potions of lignification
 j - a potion of agility
 m - 2 potions of heal wounds
 n - 2 potions of mutation
 p - a potion of might {unknown}
 s - a potion of degeneration {unknown}
 u - a potion of curing
 v - a potion of berserk rage {unknown}
 H - a potion of cancellation {unknown}
Comestibles
 d - 17 rations
 F - 9 chunks of flesh


   Skills:
 * Level 6.1 Fighting
 + Level 3.4(4.0) Maces & Flails
 * Level 3.0(3.8) Staves
 * Level 5.7 Armour
 + Level 3.6 Dodging
 + Level 3.4 Stealth
 + Level 1.5 Shields
 + Level 7.0 Spellcasting
 * Level 6.7 Conjurations
   Level 0.7 Transmutations
 * Level 0.2 Fire Magic
 + Level 0.2 Ice Magic
 + Level 12.4 Earth Magic


You had 10 spell levels left.
You knew the following spells:

 Your Spells              Type           Power        Failure   Level  Hunger
a - Sandblast             Erth           ######       1%          1    None
b - Stone Arrow           Conj/Erth      #####.       1%          3    #......
c - Lee's Rapid Deconstr  Erth           ######....   1%          5    #####..
d - Freeze                Ice            #...         11%         1    None
e - Foxfire               Conj/Fire      ####         2%          1    None
f - Conjure Flame         Conj/Fire      ####....     9%          3    #......

Your spell library contained the following spells:

 Spells                   Type           Power        Failure   Level  Hunger
 Passwall                 Tmut/Erth      ####....     1%          2    None
 Petrify                  Tmut/Erth      ####....     8%          4    ###....
 Sting                    Tmut/Pois      #...         10%         1    None
 Animate Skeleton         Necr           N/A          12%         1    None
 Apportation              Tloc           #.....       12%         1    None
 Corona                   Hex            #......      12%         1    None
 Summon Butterflies       Summ           #.......     12%         1    None
 Summon Small Mammal      Summ           #...         12%         1    None
 Mephitic Cloud           Conj/Pois/Air  ###.....     14%         3    #......
 Poisonous Vapours        Pois/Air       #.....       17%         2    None
 Sticky Flame             Conj/Fire      ####....     28%         4    ###....
 Ignite Poison            Fire/Tmut/Pois ##......     30%         3    #......
 Inner Flame              Hex/Fire       ##......     32%         3    #......
 Lesser Beckoning         Tloc           #.........   34%         3    #......
 Tukima's Dance           Hex            #.......     34%         3    #......
 Fireball                 Conj/Fire      ####......   61%         5    #####..
 Alistair's Intoxication  Tmut/Pois      #.......     95%         5    #####..
 Eringya's Noxious Bog    Tmut/Pois      #.........   100%        6    ######.
 Invisibility             Hex            #.......     100%        6    ######.


Dungeon Overview and Level Annotations

Branches:
Dungeon (9/15)             Temple (1/1) D:6            Lair (0/6) D:9
    Orc: D:9-12

Altars:
Ashenzari
Cheibriados
Dithmenos
Elyvilon
Fedhas
Gozag
Hepliaklqana
Kikubaaqudgha
Nemelex Xobeh
Okawaru
Qazlal
Ru
Sif Muna
Trog
Uskayaw
Vehumet
Wu Jian
Xom
Yredelemnul
Zin
The Shining One

Shops:
D:5 (

Annotations:
D:9 Gastronok


Innate Abilities, Weirdness & Mutations

You are resistant to torment.
Your stone body is resilient. (AC +8)
You are immune to poison.
You resist negative energy. (rN+)
You are resistant to electric shocks. (rElec)
You can survive without breathing.
You are immune to petrification.
You are immune to rotting.


Message History

You barely resist.
Casting: Sandblast (safe; 1% risk of failure)
Confirm with . or Enter, or press ? or * to list all spells.
Aiming: Sandblast (safe; 1% risk of failure)
Press: ? - help, Shift-Dir - straight line, f/p - Gastronok
Aim: Gastronok, wearing a +1 hat of intelligence (moderately wounded)
The blast of sand hits Gastronok!!
Gastronok is heavily wounded.
b - 27 stones
Casting: Sandblast (safe; 1% risk of failure)
Confirm with . or Enter, or press ? or * to list all spells.
You don't have enough magic to cast that spell.
Unknown command.
You hit Gastronok.
Gastronok is heavily wounded.
Gastronok bites you!
You hit Gastronok but do no damage.
Gastronok is heavily wounded.
Gastronok bites you!!
You die...

#.# #)# ≈..≈≈≈≈ #.#
#≈≈≈≈≈≈≈≈ ####'##
#≈≈≈≈≈.≈. #.....#
#≈≈≈≈w≈.. #...).#
##≈≈≈≈≈≈(> #.....#
#.≈≈≈≈≈≈..
#.....####.;≈≈≈≈h..
#.....@w)†..≈≈≈≈≈≈.
#.....#####..≈≈≈≈≈.
#.....# #..≈h.≈≈.
####### #....≈≈≈.
#...≈≈≈≈. #..≈.≈≈≈.
#....≈≈{. #.≈...≈≈.
.(.......


You could see Gastronok and an electric eel.

Vanquished Creatures
  Harold (D:7)
  A hydra (D:8)
  2 two-headed ogres (D:9)
  An ugly thing (D:8)
  A troll (D:9)
  2 dream sheep (D:8)
  2 yaks (D:8)
  Sigmund (D:6)
  3 hungry ghosts
  A water moccasin (D:6)
  3 orc warriors
  2 ice beasts
  7 ogres
  A black bear (D:7)
  3 sky beasts
  2 wolves (D:9)
  2 phantoms (D:8)
  4 centaurs
  A gnoll sergeant (D:8)
  7 bullfrogs
  3 big kobolds (D:8)
  A wyvern zombie (D:9)
  2 scorpions
  5 killer bees
  2 howler monkeys
  7 crimson imps
  A bullfrog zombie (D:9)
  A centaur zombie (D:6)
  8 hounds
  2 orc priests
  9 orc wizards
  A gnoll shaman (D:5)
  4 jellies
  Natasha (thrice) (D:2)
  An iguana (D:4)
  2 worker ants
  A killer bee zombie (D:8)
  A hound skeleton (D:3)
  A howler monkey zombie (D:5)
  6 adders
  11 gnolls
  A shadow imp (D:5)
  3 worms
  A dart slug (D:3)
  3 leopard geckos
  26 orcs
  2 ball pythons
  3 giant cockroaches
  10 goblins
  9 hobgoblins
  17 jackals
  2 quokkas
  2 bats
  5 frilled lizards
  A jackal skeleton (D:4)
  8 kobolds
  2 leopard gecko skeletons
  A quokka zombie (D:5)
  2 rats
217 creatures vanquished.

Vanquished Creatures (others)
  3 foxfires (D:9)
3 creatures vanquished.

Grand Total: 220 creatures vanquished

Notes
Turn   | Place    | Note
-------+----------+-------------------------------------------
     0 | D:1      | funkygono the Gargoyle Earth Elementalist began the quest
                  | for the Orb.
     0 | D:1      | Reached XP level 1. HP: 10/10 MP: 3/3
   159 | D:1      | Reached XP level 2. HP: 15/15 MP: 3/5
   372 | D:1      | Reached skill level 4 in Earth Magic
   527 | D:1      | Reached XP level 3. HP: 6/19 MP: 1/6
   808 | D:1      | Learned a level 3 spell: Stone Arrow
  1537 | D:2      | Found a blossoming altar of Fedhas.
  1701 | D:2      | Reached XP level 4. HP: 4/24 MP: 0/7
  2155 | D:2      | Noticed Natasha
  2158 | D:2      | Killed Natasha
  2158 | D:2      | Reached skill level 1 in Conjurations
  2158 | D:2      | Reached skill level 5 in Earth Magic
  2446 | D:2      | Noticed Natasha
  2448 | D:2      | Killed Natasha
  2448 | D:2      | Reached skill level 1 in Armour
  2448 | D:2      | Reached XP level 5. HP: 28/28 MP: 1/8
  2649 | D:2      | Noticed Natasha
  2655 | D:2      | Killed Natasha
  2758 | D:2      | Learned a level 5 spell: Lee's Rapid Deconstruction
  2861 | D:2      | Reached skill level 1 in Maces & Flails
  3890 | D:4      | Noticed an ogre
  3897 | D:4      | Killed an ogre
  3897 | D:4      | Reached skill level 1 in Fighting
  3897 | D:4      | Reached XP level 6. HP: 34/34 MP: 0/11
  3931 | D:4      | Reached skill level 6 in Earth Magic
  4304 | D:4      | Reached XP level 7. HP: 24/38 MP: 0/12
  4813 | D:4      | Reached skill level 7 in Earth Magic
  5212 | D:5      | Entered Level 5 of the Dungeon
  5560 | D:5      | Reached XP level 8. HP: 45/45 MP: 5/14
  5796 | D:5      | Found Doim's Weapon Shoppe.
  5820 | D:5      | Reached skill level 8 in Earth Magic
  6733 | D:5      | Found a snail-covered altar of Cheibriados.
  6733 | D:5      | Found an ornate altar of the Wu Jian Council.
  7053 | D:6      | Reached XP level 9. HP: 46/50 MP: 11/16
  7156 | D:6      | Reached skill level 9 in Earth Magic
  7275 | D:6      | Found a basalt altar of Yredelemnul.
  7362 | D:6      | Found a staircase to the Ecumenical Temple.
  7371 | Temple   | Entered the Ecumenical Temple
  7659 | D:6      | Reached skill level 5 in Spellcasting
  7661 | D:6      | Noticed Sigmund
  7665 | D:6      | Killed Sigmund
  7754 | D:6      | Identified the Catalogue of Contamination
  8333 | D:7      | Noticed Harold
  8348 | D:7      | Killed Harold
  8348 | D:7      | Reached skill level 5 in Conjurations
  8348 | D:7      | Reached skill level 10 in Earth Magic
  8574 | D:7      | Reached XP level 10. HP: 58/58 MP: 12/18
  8877 | D:7      | Found a radiant altar of Vehumet.
  8881 | D:7      | Became a worshipper of Vehumet
  8920 | D:7      | Reached skill level 5 in Fighting
  9172 | D:7      | Found a glowing silver altar of Zin.
  9240 | D:7      | Found a shimmering blue altar of Sif Muna.
  9631 | D:8      | Reached skill level 1 in Shields
  9918 | D:8      | Noticed a purple ugly thing
 10060 | D:8      | Reached skill level 5 in Armour
 10143 | D:8      | Killed a purple ugly thing
 10143 | D:8      | Reached skill level 11 in Earth Magic
 10163 | D:8      | Found a glowing golden altar of the Shining One.
 10316 | D:8      | Reached * piety under Vehumet
 10316 | D:8      | Offered knowledge of Freeze by Vehumet.
 10316 | D:8      | Reached skill level 1 in Staves
 10334 | D:8      | Learned a level 1 spell: Freeze
 10380 | D:8      | Noticed a three-headed hydra
 10396 | D:8      | Killed a three-headed hydra
 10396 | D:8      | Reached XP level 11. HP: 38/64 MP: 10/20
 10405 | D:8      | Reached skill level 12 in Earth Magic
 10864 | D:9      | Noticed a two-headed ogre
 10877 | D:9      | Killed a two-headed ogre
 11021 | D:9      | Got a fine shield
 11032 | D:9      | Identified the +0 shield of the Harp {+Blink rF+} (You
                  | found it on level 9 of the Dungeon)
 11051 | D:9      | Noticed a two-headed ogre
 11058 | D:9      | Killed a two-headed ogre
 11070 | D:9      | Learned a level 1 spell: Foxfire
 11074 | D:9      | Learned a level 3 spell: Conjure Flame
 11195 | D:9      | Noticed Gastronok
 11198 | D:9      | Found a staircase to the Lair.
 11220 | D:9      | Slain by Gastronok

Levels and vault maps discovered:
D:1:      co_arrival_square_in_a_square_in_a_square, layout_basic
D:2:      layout_loops_ring, overflow_temple_1_default, uniq_natasha
D:3:      layout_rooms, first_ration
D:4:      layout_loops_ring
D:5:      layout_basic, gammafunk_temple_overflow_wave, serial_shops, shop
D:6:      layout_basic, nicolae_overflow_hidden_temple,
          minmay_temple_entry_antechambers, uniq_sigmund
D:7:      layout_loops_ring, lemuel_blue_sif_altar, vehumet_crystals,
          lemuel_crystal_altar, uniq_harold
D:8:      layout_rooms, old_standard_altar, hangedman_ranch
          [blue_anna_fruit_fields], kennysheep_flooded_box
D:9:      layout_roguey, demons_altar, erik_lair_island, uniq_gastronok
Temple:   oiseaux_autumnal_temple

Skill      XL: |  1  2  3  4  5  6  7  8  9 10 11 |
---------------+----------------------------------+-----
Earth Magic    | 4 5 6 7 8 10 11 12 | 12.4
Conjurations   | 1 2 3 5 6 |  6.7
Armour         | 1 2 3 4 5 |  5.7
Maces & Flails | 1 2 3 |  3.4
Spellcasting   | 3 4 5 6 7 |  7.0
Fighting       | 1 2 3 4 5 6 |  6.1
Dodging        | 2 3 |  3.6
Stealth        | 3 |  3.4
Shields        | 1 |  1.5
Staves         | 1 3 |  3.0
Transmutations | |  0.7
Fire Magic     | |  0.2
Ice Magic      | |  0.2

Action                   |  1- 3 |  4- 6 |  7- 9 | 10-12 || total
-------------------------+-------+-------+-------+-------++-------
Melee: Unarmed           |     4 |       |       |       ||     4
       Club              |    66 |    25 |       |       ||    91
       Mace              |       |    15 |       |       ||    15
       Flail             |       |       |    80 |    24 ||   104
       Staff             |       |       |       |    56 ||    56
 Cast: Sandblast         |    30 |    44 |    49 |    85 ||   208
       Stone Arrow       |     3 |    29 |    62 |    59 ||   153
       Lee's Rapid Decon |       |       |     2 |     7 ||     9
       Freeze            |       |       |       |     2 ||     2
       Conjure Flame     |       |       |       |     4 ||     4
       Foxfire           |       |       |       |     3 ||     3
  Use: Scroll            |     2 |     5 |     7 |     2 ||    16
       Potion            |       |       |     3 |       ||     3
 Stab: Sleeping          |       |     1 |       |       ||     1
  Eat: Chunk             |     3 |     9 |    12 |     8 ||    32
       Ration            |       |     1 |     2 |     2 ||     5
Armor: Robe              |     1 |       |       |       ||     1
       Leather armour    |    28 |    34 |    90 |    63 ||   215
Dodge: Dodged            |    59 |    59 |    99 |    78 ||   295
Block: Buckler           |       |       |    11 |    18 ||    29

Table legend:
 A = Non-vault XP
 B = Vault XP
 C = Vault XP percentage of total XP
 D = Non-vault monster count
 E = Vault monster count
 F = Vault count percentage of total count
                 A         B        C        D         E       F
            +---------+---------+-------+---------+---------+-------
      Total |    9180 |    3950 |  30.1 |     202 |      15 |   6.9
            +---------+---------+-------+---------+---------+-------
        D:1 |      42 |       0 |   0.0 |      23 |       0 |   0.0
        D:2 |     136 |      36 |  20.9 |      13 |       1 |   7.1
        D:3 |     119 |       0 |   0.0 |      22 |       0 |   0.0
        D:4 |     753 |       0 |   0.0 |      24 |       0 |   0.0
        D:5 |     861 |       0 |   0.0 |      25 |       0 |   0.0
        D:6 |    1328 |     212 |  13.8 |      22 |       1 |   4.3
        D:7 |    1146 |     987 |  46.3 |      28 |       1 |   3.4
        D:8 |    1693 |    2136 |  55.8 |      20 |       8 |  28.6
        D:9 |    3102 |     579 |  15.7 |      25 |       4 |  13.8
            +---------+---------+-------+---------+---------+-------
